Map: Lightshade LE

Players

Vindicta

  • Race: Terran Terran
  • League: Master

Nina - Winner!

  • Race: Protoss Protoss
  • League: Grandmaster

Event: DreamHack SC2 Masters 2021 Summer

VOD

Have the link to the VOD?

Description

Time

  • Played on: June 3, 2021, 4:06 p.m.
  • Length: 20:39

All games in this series

Show
View Real Time Build Order
Export as new Build Order

Vindicta Terran 

Build Orders:  

Get SALT Encoding   

  12  0:00  SCV  
  13  0:12  SCV  
  14  0:17  Supply Depot  
  14  0:24  SCV  
  14  0:28  Refinery  
  15  0:38  SCV  
  16  0:45  Barracks  
  16  0:50  SCV  
  16  0:54  Refinery  
  17  1:03  SCV  
  18  1:15  SCV  
  19  1:32  Orbital Command, Reaper  
  20  1:40  Factory  
  20  1:50  Supply Depot  
  20  1:59  SCV  
  21  2:04  Reaper  
  22  2:11  SCV  
  23  2:24  Hellion  
  23  2:26  SCV  
  26  2:39  Command Center  
  26  2:41  Barracks Reactor  
  26  2:44  SCV  
  26  2:45  Widow Mine  
  29  2:53  Supply Depot  
  29  2:56  SCV  
  30  3:01  Starport  
  29  3:07  Widow Mine  
  31  3:15  Armory  
  31  3:17  SCV  
  31  3:19  Marine  
  33  3:22  Marine  
  34  3:32  Factory Tech Lab  
  34  3:35  Refinery  
  34  3:37  Marine  
  36  3:49  Marine  
  36  3:50  Bunker  
  36  3:52  Medivac  
  36  3:55  Orbital Command  
  37  4:01  Cyclone  
  40  4:03  Marine  
  40  4:06  SCV  
  40  4:07  Marine  
  43  4:18  SCV  
  43  4:20  Barracks  
  43  4:22  SCV  
  44  4:30  SCV  
  44  4:31  Marine x2  
  47  4:39  SCV  
  47  4:42  SCV  
  47  4:44  Factory Tech Lab, Raven  
  51  4:48  Supply Depot  
  51  4:50  Marine  
  51  4:51  SCV  
  51  4:52  Marine  
  54  4:59  Barracks  
  54  5:08  SCV  
  54  5:11  Siege Tank  
  54  5:12  Marine  
  56  5:20  SCV, Marine  
  51  5:34  SCV  
  50  5:36  Marine  
  50  5:41  Supply Depot  
  52  5:44  Stimpack  
  52  5:47  Marine  
  52  5:49  Marine  
  50  5:50  Marine  
  48  5:58  Viking  
  50  6:04  SCV  
  50  6:06  SCV  
  53  6:12  Marine, Siege Tank  
  53  6:15  Marine  
  53  6:17  SCV, Marine  
  55  6:18  Marine  
  55  6:24  SCV  
  54  6:30  Marine  
  53  6:33  Marine  
  53  6:36  Marine  
  53  6:38  SCV  
  56  6:40  Barracks Tech Lab  
  56  6:41  Starport Reactor  
  56  6:44  SCV  
  54  6:48  Marine  
  54  6:52  Marine  
  54  6:53  SCV  
  52  6:54  Marauder  
  50  7:03  SCV  
  50  7:05  Marine  
  47  7:11  Combat Shield  
  47  7:12  SCV  
  47  7:15  Marine  
  48  7:16  SCV, Marauder  
  48  7:18  Medivac  
  52  7:24  SCV, Marine x2  
  52  7:28  SCV  
  56  7:33  Marine  
  56  7:35  Medivac  
  56  7:36  SCV, Marine  
  60  7:40  SCV  
  60  7:42  Refinery  
  60  7:44  Marauder  
  64  7:46  Marine  
  64  7:48  SCV  
  66  7:52  SCV  
  67  7:59  Marine  
  67  8:00  Marauder  
  67  8:05  Supply Depot  
  70  8:10  Refinery  
  70  8:21  SCV x2, Marauder x2, Marine, Concussive Shells  
  70  8:25  Marine  
  77  8:33  SCV x2  
  79  8:37  Supply Depot  
  79  8:38  Marine  
  79  8:40  Siege Tank  
  82  8:42  Marine  
  82  8:43  Marauder, Marine  
  82  8:55  SCV  
  79  8:56  Marine  
  79  8:58  SCV  
  81  9:05  Medivac x2  
  81  9:07  SCV  
  81  9:08  Marine  
  81  9:09  Marauder, Supply Depot x2  
  89  9:15  Marine  
  87  9:22  Siege Tank  
  89  9:24  SCV x2  
  90  9:34  Marine  
  90  9:35  Marine  
  94  9:42  Marine  
  94  9:45  Command Center  
  90  9:54  Marine  
  90  9:56  Marine  
  90  9:59  SCV x2  
  86  10:01  Marauder  
  86  10:02  Medivac  
  86  10:06  Medivac  
  90  10:10  Barracks  
  90  10:11  SCV  
  90  10:12  Barracks, Marine  
  92  10:19  Marine  
  92  10:21  Marine  
  94  10:22  SCV, Marauder  
  97  10:30  Marine  
  97  10:31  SCV  
  97  10:32  Viking  
  99  10:36  Liberator  
  99  10:39  Siege Tank  
  107  10:46  Marauder, Marine  
  107  10:47  Engineering Bay  
  107  10:48  Marine  
  108  10:50  Marine  
  109  10:58  Barracks Reactor  
  109  10:59  Barracks Tech Lab  
  109  11:00  SCV  
  109  11:03  Marine  
  111  11:05  SCV  
  111  11:06  Marine  
  111  11:08  Marauder, Marine  
  116  11:13  SCV  
  116  11:15  Terran Infantry Weapons Level 1  
  117  11:19  Orbital Command  
  117  11:22  Sensor Tower, Marine  
  117  11:24  Marine  
  119  11:26  Marine  
  119  11:29  SCV  
  121  11:34  Marine  
  121  11:35  Ghost Academy  
  121  11:37  SCV  
  123  11:44  Missile Turret  
  123  11:45  SCV  
  125  11:47  Refinery  
  125  11:49  Marine x3, Supply Depot  
  125  11:52  Marauder  
  130  11:55  Viking  
  130  12:01  SCV x2  
  133  12:08  Supply Depot  
  133  12:11  SCV, Marine  
  133  12:13  Refinery  
  135  12:16  Enhanced Shockwaves  
  135  12:17  Ghost  
  135  12:21  Supply Depot  
  135  12:22  Ghost  
  137  12:25  SCV  
  140  12:30  Medivac  
  140  12:35  SCV  
  145  12:39  Supply Depot  
  145  12:41  Viking  
  145  12:42  SCV  
  148  12:45  Engineering Bay  
  148  12:47  SCV  
  148  12:53  Marine x2  
  148  12:54  Marine  
  148  12:55  SCV  
  152  12:59  Ghost  
  152  13:01  Missile Turret x2  
  152  13:02  Supply Depot  
  152  13:03  Ghost  
  154  13:07  Ghost  
  152  13:16  Marine  
  150  13:27  Ghost  
  150  13:28  Viking  
  150  13:29  Terran Infantry Weapons Level 2  
  150  13:31  Terran Infantry Armor Level 1, Ghost  
  150  13:32  Viking  
  158  13:41  Marine x2  
  160  13:45  Marine  
  160  13:48  Command Center  
  162  13:51  Marine  
  162  13:53  Supply Depot  
  161  13:58  Marine, Medivac  
  161  13:59  Marine  
  161  14:01  Marauder, Viking  
  169  14:06  Marauder, Marine x2  
  169  14:08  Missile Turret  
  173  14:14  Marine  
  173  14:16  Marine  
  174  14:22  Marauder  
  174  14:23  Marine  
  167  14:24  Marine  
  167  14:25  SCV x2  
  167  14:26  SCV  
  167  14:28  Marauder, Viking  
  170  14:31  Liberator  
  170  14:37  SCV  
  174  14:41  Marine  
  174  14:42  Marauder  
  177  14:47  Marine x2  
  177  14:50  SCV  
  180  14:54  Marine  
  180  14:59  Viking  
  185  15:00  Marauder  
  176  15:07  Marauder, Marine  
  176  15:08  Marine  
  176  15:09  Marauder  
  176  15:12  SCV  
  181  15:18  Marine  
  181  15:20  SCV  
  183  15:26  SCV x2, Missile Turret  
  185  15:32  SCV  
  189  15:36  Medivac  
  189  15:38  Terran Infantry Armor Level 2, SCV  
  189  15:40  SCV  
  188  15:44  SCV  
  189  15:50  SCV, Planetary Fortress  
  189  15:52  SCV  
  189  15:56  SCV  
  192  16:01  Refinery  
  192  16:02  SCV  
  192  16:03  Refinery  
  195  16:04  SCV  
  195  16:08  Terran Infantry Weapons Level 3  
  196  16:16  Fusion Core  
  196  16:17  Liberator  
  196  16:18  Starport  
  196  16:32  SCV  
  189  16:36  Marauder, Marine  
  176  16:45  Marauder, Marine  
  176  16:46  Marine  
  172  16:47  Marauder  
  172  16:50  Liberator  
  172  16:51  Marine  
  176  16:57  Marine  
  176  16:58  Marauder  
  176  17:00  Liberator  
  176  17:01  SCV  
  181  17:02  Marine  
  181  17:04  Marine  
  181  17:07  Marauder  
  181  17:08  Marauder  
  180  17:09  Marine  
  180  17:14  Marine  
  180  17:15  SCV  
  177  17:19  Marauder  
  177  17:20  SCV, Marine  
  177  17:22  Marine  
  182  17:27  Starport Reactor, Marine  
  182  17:28  Advanced Ballistics, Marauder  
  182  17:29  Marauder  
  187  17:32  Marine  
  187  17:33  Liberator, Command Center  
  188  17:38  Marine  
  188  17:39  SCV  
  188  17:40  Marauder, Marine  
  189  17:45  SCV, Marine  
  189  17:49  Marauder  
  189  17:51  Marauder  
  193  17:53  Marine  
  193  17:56  Marine  
  193  17:57  Marine, Liberator  
  189  18:01  SCV  
  189  18:02  Marauder  
  181  18:05  Liberator  
  181  18:06  Marine  
  181  18:10  Marine  
  181  18:11  Marauder  
  181  18:12  Marauder  
  180  18:15  Marine  
  180  18:17  Liberator x2  
  187  18:23  Marauder, Supply Depot  
  189  18:31  Ghost  
  189  18:33  Ghost  
  193  18:40  Liberator  
  192  18:41  Marine  
  192  18:44  Ghost, Marine x2  
  192  18:45  Marine  
  185  18:59  Marine  
  185  19:00  Ghost  
  185  19:01  Marine x2, Ghost  
  182  19:03  Marine  
  152  19:13  Marauder  
  140  19:17  Marine  
  140  19:19  Marine x2  
  140  19:21  Marine  
  124  19:38  Orbital Command  
  117  19:46  Supply Depot  
  117  19:47  Supply Depot  
  117  19:48  Refinery, Marine, Supply Depot  
  117  19:49  Marine x4  
  117  19:52  Marauder, Marine  
  102  20:11  Marauder, Marine x2  
  102  20:12  Marauder  
  102  20:13  Marine  
  88  20:15  Marine x2  
Show
View Real Time Build Order
Export as new Build Order

Nina Protoss - Winner!

Build Orders: 1 Gate Expand 

Get SALT Encoding   

  12  0:00  Probe  
  13  0:12  Probe  
  14  0:17  Pylon  
  14  0:24  Probe (Chrono Boost)  
  15  0:36  Probe (Chrono Boost)  
  15  0:38  Gateway  
  16  0:45  Probe (Chrono Boost)  
  16  0:46  Assimilator  
  17  0:51  Probe  
  18  1:03  Probe  
  19  1:15  Probe  
  20  1:25  Cybernetics Core  
  20  1:31  Nexus  
  20  1:38  Pylon  
  20  1:51  Probe  
  21  1:55  Assimilator  
  21  1:59  Stalker (Chrono Boost)  
  21  2:03  Probe  
  21  2:07  Pylon  
  24  2:15  Probe  
  24  2:19  Warp Gate  
  24  2:22  Stalker (Chrono Boost)  
  26  2:28  Probe  
  27  2:38  Robotics Facility  
  27  2:40  Probe  
  28  2:45  Probe  
  28  2:49  Stalker (Chrono Boost)  
  31  2:52  Probe  
  32  2:59  Gateway  
  32  3:06  Shield Battery  
  32  3:13  Gateway  
  32  3:15  Probe  
  34  3:23  Shield Battery  
  34  3:26  Observer (Chrono Boost), Probe  
  35  3:29  Probe  
  36  3:38  Probe  
  36  3:41  Probe  
  38  3:45  Warp Prism (Chrono Boost)  
  40  3:51  Probe  
  40  3:53  Probe  
  42  3:58  Pylon  
  42  4:03  Probe  
  42  4:05  Probe, Pylon  
  44  4:11  Stalker  
  44  4:17  Probe  
  47  4:18  Probe  
  48  4:30  Stalker x2  
  52  4:36  Probe x2  
  54  4:38  Robotics Bay  
  54  4:46  Pylon  
  54  4:48  Probe  
  54  4:49  Stalker  
  57  4:53  Stalker x2  
  57  4:56  Pylon  
  57  4:59  Assimilator  
  57  5:12  Probe  
  57  5:13  Probe  
  59  5:16  Stalker x3  
  65  5:24  Probe  
  65  5:25  Probe  
  50  5:36  Probe  
  50  5:37  Probe, Observer (Chrono Boost)  
  50  5:39  Zealot x3  
  57  5:53  Probe  
  57  5:54  Probe  
  46  6:03  Stalker  
  48  6:05  Probe  
  48  6:06  Probe  
  50  6:13  Adept x2  
  50  6:18  Probe  
  55  6:23  Probe  
  50  6:26  Adept  
  52  6:33  Adept  
  52  6:36  Probe (Chrono Boost)  
  52  6:37  Observer  
  51  6:40  Probe (Chrono Boost)  
  52  6:48  Probe (Chrono Boost)  
  52  6:51  Probe (Chrono Boost)  
  52  6:54  Probe (Chrono Boost)  
  53  6:58  Probe  
  53  7:02  Probe  
  50  7:08  Disruptor  
  50  7:10  Probe  
  50  7:14  Probe  
  55  7:16  Observer  
  55  7:20  Gravitic Drive (Chrono Boost)  
  55  7:22  Probe  
  56  7:26  Probe  
  57  7:32  Assimilator  
  57  7:34  Probe (Chrono Boost)  
  57  7:36  Twilight Council  
  58  7:39  Disruptor  
  58  7:42  Probe (Chrono Boost)  
  59  7:46  Probe (Chrono Boost)  
  59  7:49  Observer  
  64  7:53  Probe x2 (Chrono Boost)  
  65  8:00  Probe  
  65  8:02  Probe, Pylon  
  67  8:06  Sentry x2  
  67  8:09  Pylon  
  71  8:13  Probe  
  71  8:15  Probe  
  73  8:22  Charge (Chrono Boost)  
  73  8:25  Probe  
  73  8:26  Nexus  
  75  8:27  Probe  
  75  8:35  Stalker x2  
  75  8:37  Probe  
  75  8:40  Observer  
  75  8:41  Probe  
  79  8:46  Zealot  
  78  8:52  Probe  
  78  8:53  Probe  
  75  8:56  Colossus (Chrono Boost)  
  81  9:04  Probe, Zealot  
  81  9:05  Probe  
  81  9:07  Zealot  
  87  9:16  Probe  
  88  9:19  Probe  
  88  9:22  Zealot  
  88  9:31  Zealot x2  
  88  9:37  Probe  
  91  9:44  Zealot  
  92  9:50  Probe  
  92  9:52  Zealot x2  
  90  9:59  Colossus  
  87  10:02  Probe  
  87  10:06  Probe  
  89  10:08  Sentry  
  89  10:12  Probe  
  89  10:13  Pylon  
  89  10:14  Sentry  
  94  10:19  Zealot  
  96  10:27  Probe  
  96  10:28  Probe  
  96  10:29  Blink (Chrono Boost)  
  96  10:30  Probe  
  97  10:39  Probe  
  97  10:40  Probe, Shield Battery  
  97  10:42  Sentry  
  101  10:45  Gateway  
  101  10:46  Probe  
  102  10:51  Forge  
  102  10:53  Probe  
  103  11:00  Extended Thermal Lance  
  103  11:02  Observer (Chrono Boost)  
  104  11:04  Stalker  
  104  11:05  Zealot  
  104  11:10  Assimilator  
  108  11:12  Gateway  
  108  11:15  Probe  
  107  11:22  Gateway  
  107  11:24  Templar Archives  
  107  11:27  Probe  
  107  11:29  Probe, Assimilator  
  107  11:30  Disruptor (Chrono Boost)  
  109  11:35  Observer, Protoss Ground Weapons Level 1  
  112  11:40  Shield Battery  
  112  11:44  Photon Cannon  
  112  11:52  Gateway  
  112  11:53  Pylon x2  
  112  11:54  Probe  
  113  12:03  Disruptor  
  113  12:07  Pylon  
  113  12:08  Pylon  
  115  12:12  Stalker x2  
  119  12:16  Stalker  
  119  12:18  Stalker  
  119  12:21  Probe  
  124  12:24  Pylon  
  124  12:31  Zealot x2  
  124  12:34  Probe  
  129  12:40  Probe  
  129  12:48  Disruptor (Chrono Boost)  
  132  12:52  Nexus  
  132  12:55  Pylon x2  
  132  12:57  Zealot x2  
  136  13:02  High Templar x4  
  144  13:05  Observer  
  144  13:10  Archon x2  
  142  13:27  Observer, Disruptor (Chrono Boost)  
  145  13:29  High Templar x2  
  145  13:33  Archon  
  149  13:34  Psionic Storm  
  149  13:40  Gateway  
  149  13:43  Probe, Forge  
  149  13:46  Observer, Gateway  
  149  13:48  Warp Prism (Chrono Boost)  
  150  13:50  Protoss Ground Weapons Level 2 (Chrono Boost)  
  150  13:51  Zealot x5  
  162  14:00  Probe x2  
  164  14:02  Pylon  
  164  14:06  Pylon x2  
  164  14:09  Observer  
  163  14:10  Robotics Facility  
  163  14:11  Probe  
  154  14:28  Disruptor  
  153  14:38  Zealot x5  
  163  14:41  Probe, Protoss Ground Armor Level 1 (Chrono Boost)  
  163  14:51  High Templar x4  
  171  14:53  Pylon  
  171  14:54  Pylon  
  171  14:56  Archon x2  
  171  14:57  Disruptor  
  173  15:04  Disruptor  
  170  15:20  Shield Battery  
  168  15:25  Photon Cannon  
  168  15:28  Dark Shrine  
  166  15:32  Disruptor, High Templar  
  166  15:33  High Templar  
  166  15:34  High Templar  
  175  15:40  Observer  
  176  15:43  Assimilator  
  176  15:44  High Templar, Assimilator  
  176  15:45  High Templar  
  176  15:46  Zealot  
  176  15:47  Zealot x3  
  188  15:54  Nexus  
  188  15:56  Pylon  
  188  16:00  Pylon  
  188  16:03  Photon Cannon  
  188  16:07  Disruptor, Pylon  
  188  16:08  Photon Cannon  
  191  16:12  Warp Prism  
  191  16:18  Stalker x4  
  199  16:28  Shield Battery  
  199  16:31  Photon Cannon  
  199  16:32  Photon Cannon  
  179  16:43  Zealot x3  
  165  16:49  Zealot x4  
  173  16:55  Zealot x2  
  171  17:04  Disruptor  
  171  17:08  Zealot  
  172  17:13  Disruptor  
  164  17:22  Stalker x5  
  174  17:23  High Templar x2  
  174  17:24  Probe  
  174  17:29  Protoss Shields Level 1 (Chrono Boost)  
  179  17:30  Twilight Council  
  179  17:37  Probe  
  179  17:39  Zealot x2  
  179  17:41  Archon  
  180  17:45  Probe  
  180  17:46  Probe x3  
  180  17:49  Probe  
  183  17:55  Zealot x3  
  183  17:58  Probe x4  
  192  18:01  Probe  
  194  18:10  Probe  
  195  18:14  High Templar x2  
  195  18:17  Pylon  
  195  18:18  Observer  
  200  18:20  Assimilator x2  
  200  18:22  Photon Cannon  
  200  18:24  Photon Cannon  
  194  18:38  Dark Templar x2  
  194  18:41  Stalker x4  
  176  18:51  High Templar  
  167  19:05  Zealot  
  133  19:25  Zealot x6  
  133  19:29  Zealot x2  
  143  19:55  Nexus  
  135  20:12  Zealot x5  
Tags
 
Add a new tag
Caveats
  • Supply blocks, unpowered buildings, or Contaminate may cause inaccurate times.
  • Supply counts are checked every 10 seconds.